Map: Kairos Junction LE

Players

Cyanogen

  • Race: Protoss Protoss
  • League: Silver
  • Spawn Location: 5:00

TiPtOP - Winner!

  • Race: Terran Terran
  • League: Silver
  • Spawn Location: 11:00

VOD

Have the link to the VOD?

Description

Time

  • Played on: Aug. 18, 2019, 3:50 a.m.
  • Length: 23:20
Show
View Real Time Build Order
Export as new Build Order

Cyanogen Protoss 

Build Orders:  

Get SALT Encoding   

  12  0:15  Probe  
  13  0:25  Probe  
  14  0:32  Pylon  
  14  0:33  Probe  
  15  0:49  Probe  
  16  0:58  Pylon  
  16  1:01  Probe, Pylon  
  17  1:19  Gateway  
  17  1:30  Gateway  
  17  1:36  Forge  
  17  1:45  Assimilator  
  17  1:50  Probe  
  18  2:02  Probe  
  18  2:04  Zealot  
  19  2:10  Zealot  
  19  2:15  Probe  
  22  2:17  Nexus  
  24  2:37  Zealot x2  
  28  2:49  Photon Cannon  
  28  2:59  Photon Cannon  
  28  3:14  Zealot x2  
  32  3:34  Pylon  
  32  3:40  Probe  
  33  3:42  Probe  
  34  3:52  Probe  
  34  3:54  Probe  
  34  4:04  Probe  
  34  4:06  Probe  
  30  4:16  Probe  
  31  4:18  Probe  
  31  4:20  Zealot x2  
  31  4:21  Cybernetics Core  
  36  4:28  Probe x2  
  38  4:34  Assimilator  
  38  4:37  Probe  
  38  4:45  Probe  
  39  4:48  Photon Cannon, Protoss Ground Weapons Level 1  
  40  4:55  Photon Cannon  
  40  4:56  Probe  
  40  4:59  Stalker x2  
  45  5:00  Warp Gate  
  45  5:04  Probe  
  45  5:12  Probe  
  46  5:18  Assimilator  
  46  5:21  Probe  
  48  5:23  Probe  
  49  5:33  Stalker x2, Probe  
  49  5:35  Probe  
  55  5:45  Probe  
  56  6:01  Nexus  
  58  6:06  Robotics Facility  
  58  6:07  Robotics Facility  
  56  6:19  Zealot x2  
  60  6:30  Pylon  
  60  6:33  Probe  
  60  6:36  Pylon x2  
  61  6:40  Pylon  
  61  6:45  Probe  
  62  6:58  Probe, Gateway  
  62  7:01  Gateway  
  63  7:03  Photon Cannon  
  63  7:04  Gateway  
  63  7:07  Photon Cannon  
  63  7:08  Photon Cannon  
  63  7:13  Shield Battery  
  63  7:14  Shield Battery  
  63  7:19  Probe x2  
  65  7:27  Probe  
  65  7:28  Probe  
  65  7:35  Immortal, Probe  
  65  7:36  Immortal, Probe  
  77  7:45  Probe  
  77  7:48  Probe  
  79  7:57  Probe  
  80  8:00  Probe, Pylon  
  80  8:03  Assimilator  
  81  8:09  Probe  
  81  8:11  Warp Prism x2  
  81  8:12  Stalker x4  
  94  8:22  Probe  
  95  8:34  Probe  
  96  8:40  Stalker x4  
  104  8:43  Protoss Ground Armor Level 1  
  104  8:46  Probe  
  105  8:50  Twilight Council  
  105  8:53  Photon Cannon  
  105  9:04  Observer x2  
  105  9:07  Stalker  
  105  9:08  Stalker x3  
  115  9:24  Robotics Bay  
  115  9:26  Stargate  
  115  9:28  Stargate  
  115  9:40  Pylon  
  115  9:42  Probe  
  115  9:45  Pylon  
  116  9:54  Probe  
  116  9:58  Immortal x2, Assimilator  
  125  10:01  Pylon  
  125  10:05  Pylon  
  125  10:06  Probe  
  126  10:10  Sentry  
  126  10:11  Sentry x2  
  132  10:18  Probe  
  133  10:40  Colossus x2  
  133  10:41  Charge  
  145  10:46  Zealot x2  
  149  10:53  Pylon  
  149  10:56  Pylon  
  149  11:00  Pylon  
  149  11:05  Protoss Ground Weapons Level 2  
  149  11:11  Probe  
  150  11:23  Assimilator, Probe  
  151  11:31  Colossus x2  
  151  11:36  Probe  
  151  11:38  Forge  
  152  11:40  Forge  
  152  11:45  Stalker x4  
  172  11:48  Probe  
  172  11:53  Pylon  
  173  11:56  Extended Thermal Lance  
  173  12:04  Pylon  
  173  12:05  Protoss Ground Armor Level 2, Protoss Shields Level 1  
  173  12:08  Pylon  
  173  12:11  Pylon  
  173  12:26  Stalker  
  173  12:27  Stalker x3  
  107  13:43  Colossus x2  
  107  13:49  Stalker x2  
  107  13:50  Stalker x2  
  107  13:53  Void Ray x2  
  135  14:17  Protoss Ground Weapons Level 3  
  135  14:33  Protoss Air Weapons Level 1  
  135  14:35  Stalker x4  
  135  14:37  Colossus x2  
  154  15:07  Void Ray x2  
  160  15:31  Immortal x2  
  160  15:47  Void Ray x2  
  160  15:48  Stalker x3  
  160  15:49  Stalker  
  176  16:13  Protoss Ground Armor Level 3  
  176  16:15  Immortal x2  
  184  16:20  Stalker  
  184  16:21  Stalker  
  184  16:22  Zealot x2  
  192  16:29  Void Ray  
  192  16:30  Void Ray  
  192  16:32  Gateway  
  200  16:33  Gateway  
  200  16:34  Gateway  
  200  16:38  Gateway  
  200  16:59  Protoss Shields Level 2  
  85  18:17  Void Ray  
  85  18:19  Void Ray  
  65  18:23  Colossus x2  
  65  18:24  Stalker x2  
  65  18:25  Stalker x2  
  93  18:52  Zealot x6  
  93  18:53  Zealot x2  
  109  19:00  Void Ray  
  109  19:01  Void Ray  
  117  19:23  Protoss Air Armor Level 1, Colossus x2  
  123  19:30  Zealot x8  
  145  20:03  Zealot x4  
  145  20:06  Zealot x4  
  161  20:09  Nexus  
  161  20:10  Protoss Shields Level 3  
  161  20:25  Zealot x4  
  161  20:26  Zealot x2  
  173  20:38  Zealot x2  
  177  20:52  Sentry x3  
  65  22:05  Zealot x3  
  65  22:06  Zealot x4  
Show
View Real Time Build Order
Export as new Build Order

TiPtOP Terran - Winner!

Build Orders: 2 Factory, Mech 

Get SALT Encoding   

  12  0:01  SCV  
  13  0:13  SCV  
  14  0:18  Supply Depot  
  14  0:25  SCV  
  15  0:40  SCV  
  15  0:42  Barracks  
  16  0:47  Refinery  
  16  1:04  SCV  
  17  1:16  SCV  
  18  1:29  Marine  
  18  1:30  Supply Depot  
  19  1:33  SCV  
  20  1:48  SCV  
  21  2:00  SCV  
  22  2:03  Barracks Tech Lab  
  22  2:04  Factory  
  22  2:12  SCV  
  23  2:25  SCV  
  23  2:29  Refinery  
  24  2:36  Command Center  
  24  2:37  SCV  
  25  2:48  Factory  
  25  2:50  SCV  
  25  3:10  Engineering Bay  
  25  3:11  Orbital Command  
  25  3:15  Siege Tank  
  28  3:34  Supply Depot  
  28  3:36  Supply Depot  
  27  3:49  Factory Reactor  
  26  4:25  SCV  
  26  4:26  Factory  
  27  4:37  SCV  
  28  4:38  Supply Depot  
  28  4:49  Siege Tank  
  31  5:04  Orbital Command  
  31  5:10  SCV  
  32  5:19  Armory  
  32  5:22  SCV  
  33  5:31  Siege Tank  
  33  5:34  Hellion x2, SCV  
  41  5:40  Missile Turret  
  41  5:43  Missile Turret  
  41  5:50  SCV x2  
  43  6:03  Siege Tank  
  46  6:11  Factory Tech Lab  
  46  6:23  Supply Depot  
  46  6:24  Supply Depot  
  46  6:46  Thor  
  52  6:48  Hellion x2  
  56  7:00  Command Center  
  56  7:15  Refinery, SCV x2  
  58  7:20  Refinery  
  58  7:21  Hellbat x2  
  62  7:27  SCV x2  
  64  7:45  Command Center  
  64  7:50  Thor  
  74  7:51  Hellbat x2  
  74  8:00  Supply Depot  
  74  8:02  Supply Depot  
  74  8:03  Supply Depot  
  74  8:04  SCV  
  74  8:05  Supply Depot  
  75  8:15  Orbital Command  
  75  8:16  Thor, SCV  
  75  8:18  Hellbat x2  
  86  8:28  SCV  
  86  8:32  Hellion, Factory  
  86  8:33  Hellion  
  87  8:37  SCV  
  87  8:40  SCV  
  89  8:49  SCV  
  90  9:12  Thor x2  
  90  9:13  Hellbat x2  
  106  9:27  Orbital Command  
  106  9:33  SCV x3  
  109  9:42  Factory Reactor  
  109  9:51  Factory  
  109  9:57  Supply Depot  
  109  10:14  Thor  
  109  10:16  Hellion x2  
  109  10:20  Supply Depot  
  119  10:23  Armory  
  119  10:24  Terran Vehicle Weapons Level 1  
  119  10:31  Orbital Command  
  119  10:38  SCV  
  119  10:41  SCV  
  121  10:42  Supply Depot  
  121  10:45  SCV  
  122  10:50  SCV  
  122  10:53  SCV  
  124  10:57  Thor, SCV  
  124  10:59  Hellbat x2  
  124  11:02  SCV  
  136  11:05  SCV  
  136  11:06  Supply Depot  
  136  11:09  SCV  
  138  11:13  Widow Mine  
  138  11:16  Factory Tech Lab  
  140  11:20  Widow Mine x2  
  144  11:33  Supply Depot  
  144  11:35  Widow Mine  
  144  11:39  Refinery  
  146  11:40  Widow Mine  
  146  11:42  SCV  
  146  11:46  Refinery  
  149  11:49  Refinery  
  149  11:51  SCV x2  
  151  11:54  SCV  
  151  11:57  Missile Turret  
  152  12:06  SCV  
  153  12:18  SCV  
  153  12:19  Missile Turret  
  154  12:28  SCV  
  156  12:30  SCV x2  
  156  12:36  SCV  
  158  12:40  SCV  
  158  12:42  SCV x2  
  161  12:48  SCV  
  162  13:02  Command Center  
  116  13:28  Thor x3  
  116  13:29  Hellbat x4  
  120  13:40  SCV  
  109  13:50  Hellbat x2  
  109  13:51  Hellbat x2  
  109  13:52  SCV  
  118  14:10  Thor  
  118  14:11  Factory, Thor x2  
  118  14:12  Widow Mine x3  
  118  14:13  Factory  
  118  14:15  Missile Turret  
  142  14:17  Missile Turret  
  142  14:32  Terran Vehicle Weapons Level 2  
  142  14:33  Terran Vehicle And Ship Armor Level 1  
  142  14:35  Missile Turret  
  142  14:43  Missile Turret  
  142  14:47  Refinery  
  142  14:49  Command Center  
  142  14:53  Thor x2  
  142  14:54  Thor  
  142  14:57  Missile Turret  
  160  15:00  Factory Tech Lab  
  160  15:08  Factory Reactor  
  134  15:31  Thor  
  134  15:33  Hellion, Hellbat x2  
  134  15:36  Thor x3  
  152  15:45  Planetary Fortress  
  152  15:48  Missile Turret  
  152  16:04  Planetary Fortress  
  152  16:05  SCV  
  152  16:10  Missile Turret  
  153  16:14  Thor  
  153  16:18  SCV  
  160  16:19  Thor x3, Hellbat x3  
  184  16:28  Infernal Pre-Igniter  
  184  16:30  SCV, Smart Servos  
  184  16:32  Missile Turret  
  185  16:42  SCV  
  186  16:49  Drilling Claws  
  186  16:54  Hellbat  
  186  16:55  Hellbat x3  
  186  16:57  Thor  
  186  17:01  Hellion  
  200  17:07  Hellion  
  130  18:10  Hellbat  
  130  18:11  Hellbat x4  
  105  18:24  Hellbat x2  
  105  18:25  Hellbat x3  
  115  18:32  SCV  
  116  18:44  SCV  
  116  18:45  Thor  
  116  18:46  Thor x3  
  141  18:53  Command Center  
  141  18:56  SCV  
  141  18:57  Missile Turret, Refinery  
  141  18:58  Refinery  
  148  19:17  Hellbat x5  
  148  19:20  Widow Mine  
  154  19:26  Factory  
  154  19:28  Siege Tank, Thor  
  154  19:29  Siege Tank, Thor  
  172  19:32  Factory  
  176  19:38  Widow Mine x2  
  176  19:55  Command Center x2  
  176  20:00  Refinery, Thor x2  
  176  20:01  Missile Turret x2  
  176  20:02  Refinery  
  176  20:05  Refinery  
  188  20:07  Missile Turret, Refinery  
  188  20:08  Planetary Fortress  
  188  20:09  Missile Turret  
  188  20:44  Terran Vehicle And Ship Armor Level 2  
  108  21:22  Thor x3  
  105  21:41  Hellion x3, Hellbat x2  
  105  21:42  Hellbat x2  
  106  22:02  Hellbat x3  
  106  22:03  Thor, Hellbat x3  
  106  22:04  Thor  
  106  22:05  Thor, Hellbat  
  138  22:11  SCV  
  139  22:23  SCV  
  140  22:33  SCV  
  140  22:35  SCV  
  142  22:38  Hellbat  
  142  22:39  Hellbat x3  
  142  22:43  Widow Mine x2  
  160  22:45  SCV  
  160  22:47  SCV  
  180  22:57  SCV  
  181  23:00  SCV  
Tags
 
Add a new tag
Caveats
  • Supply blocks, unpowered buildings, or Contaminate may cause inaccurate times.
  • Supply counts are checked every 10 seconds.